MLB
TEXAS RANGERS @ HOUSTON ASTROS
09/05/2049
 
TOP OF THE 1ST
Texas Rangers batting - Pitching for Houston Astros : LHP Mat Pear
Pitching: LHP Mat Pear
Batting: SHB Tony Prado 0-0: Ground out 1-3 (Groundball, 15S, EV 72.5 MPH)
Batting: RHB Marc Peckermark 0-0: Ball
1-0: Swinging Strike
1-1: Foul Ball, location: 2F
1-2: Strikes out swinging, 2-3 out at first.
Batting: RHB Imbart Faber 0-0: Ground out 6-3 (Groundball, 56, EV 85.0 MPH)
Top of the 1st over - 0 runs, 0 hits, 0 errors, 0 left on base; Texas 0 - Houston 0
BOTTOM OF THE 1ST
Houston Astros batting - Pitching for Texas Rangers : RHP Franz Holzknecht
Pitching: RHP Franz Holzknecht
Batting: LHB Josh Corkery 0-0: Ball
1-0: Ball
2-0: Foul Ball, location: 2F
2-1: Swinging Strike
2-2: Ground out 4-3 (Groundball, 4, EV 85.6 MPH)
Batting: SHB Joe Gardner 0-0: Ball
1-0: Called Strike
1-1: Foul Ball, location: 2F
1-2: SINGLE (Groundball, 34D, EV 100.0 MPH)
Batting: LHB Jack Christie 0-0: Ball
1-0: Ball
2-0: SINGLE (Flyball, 34D, EV 96.2 MPH)
Joe Gardner to second
Batting: LHB Mark Dearth 0-0: Fly out, F6 (Line Drive, 56, EV 72.5 MPH)
Batting: RHB Jeremy Trump 0-0: Called Strike
0-1: Ball
1-1: Swinging Strike
1-2: Strikes out looking
Bottom of the 1st over - 0 runs, 2 hits, 0 errors, 2 left on base; Texas 0 - Houston 0
TOP OF THE 2ND
Texas Rangers batting - Pitching for Houston Astros : LHP Mat Pear
Batting: RHB Josh Ferguson 0-0: Ball
1-0: Foul Ball, location: 2F
1-1: Ball
2-1: Ball
3-1: Called Strike
3-2: SINGLE (Line Drive, 9S, EV 99.4 MPH)
Batting: RHB Blake Ballard 0-0: Foul Ball, location: 2F
0-1: Foul Ball, location: 2F
0-2: Foul Ball, location: 2F
0-2: Foul Ball, location: 2F
0-2: Ball
1-2: Ball
2-2: SINGLE (Groundball, 6MD, EV 100.6 MPH)
Josh Ferguson to second
Runner from 2nd tries for 3rd, SAFE, throw by CF made to third
Batting: SHB Rich Chavez 0-0: Ball
1-0: Ball
2-0: Foul Ball, location: 2F
2-1: Foul Ball, location: 2F
2-2: Foul Ball, location: 2F
2-2: Strikes out swinging
Batting: LHB Sean Geisler 0-0: Called Strike
Blake Ballard steals 2nd base
0-1: Fly out, F7 (Flyball, 7, EV 81.2 MPH)
Runner from 3rd tags up, SCORES, no throw by LF
Batting: SHB Hans Mikkelsen 0-0: Ball
1-0: Swinging Strike
1-1: Fly out, F7 (Flyball, 78M, EV 86.2 MPH)
Top of the 2nd over - 1 run, 2 hits, 0 errors, 1 left on base; Texas 1 - Houston 0
BOTTOM OF THE 2ND
Houston Astros batting - Pitching for Texas Rangers : RHP Franz Holzknecht
Batting: LHB Bryce Hill 0-0: Foul Ball, location: 2F
0-1: Ball
1-1: Foul Ball, location: 2F
1-2: Strikes out swinging
Batting: RHB Eric Chotkowski 0-0: Called Strike
0-1: Ball
1-1: Foul Ball, location: 2F
1-2: Ground out 6-3 (Groundball, 6, EV 85.0 MPH)
Batting: RHB Mark Marks 0-0: Called Strike
0-1: Ball
1-1: Ball
2-1: Swinging Strike
2-2: Strikes out swinging
Bottom of the 2nd over - 0 runs, 0 hits, 0 errors, 0 left on base; Texas 1 - Houston 0
TOP OF THE 3RD
Texas Rangers batting - Pitching for Houston Astros : LHP Mat Pear
Batting: SHB Vince Ealy 0-0: Ball
1-0: Ball
2-0: Called Strike
2-1: Ground out 5-3 (Groundball, 56S, EV 71.9 MPH)
Batting: SHB Tony Prado 0-0: Ball
1-0: Ball
2-0: Foul Ball, location: 2F
2-1: Ball
3-1: DOUBLE (Line Drive, 78D, EV 109.4 MPH)
Batting: RHB Marc Peckermark 0-0: Ball
1-0: Foul Ball, location: 2F
1-1: Called Strike
1-2: Strikes out swinging
Batting: RHB Imbart Faber 0-0: Called Strike
0-1: Ground out 6-3 (Groundball, 6, EV 91.9 MPH)
Top of the 3rd over - 0 runs, 1 hit, 0 errors, 1 left on base; Texas 1 - Houston 0
BOTTOM OF THE 3RD
Houston Astros batting - Pitching for Texas Rangers : RHP Franz Holzknecht
Batting: LHB Danny Wolver 0-0: Fly out, F8 (Flyball, 78M, EV 71.2 MPH)
Batting: LHB Josh Corkery 0-0: Called Strike
0-1: Ball
1-1: Swinging Strike
1-2: Strikes out swinging
Batting: SHB Joe Gardner 0-0: Fly out, F9 (Flyball, 9, EV 90.6 MPH)
Bottom of the 3rd over - 0 runs, 0 hits, 0 errors, 0 left on base; Texas 1 - Houston 0
TOP OF THE 4TH
Texas Rangers batting - Pitching for Houston Astros : LHP Mat Pear
Batting: RHB Josh Ferguson 0-0: Ball
1-0: SINGLE (Groundball, 13S, EV 66.2 MPH) (infield hit)
Batting: RHB Blake Ballard 0-0: Ball
1-0: Ball
2-0: Ball
3-0: Called Strike
3-1: Base on Balls
Josh Ferguson to second
Batting: SHB Rich Chavez 0-0: Foul Ball, location: 2F
0-1: Ball
1-1: Ball
2-1: Ball
3-1: Swinging Strike
3-2: Foul Ball, location: 2F
3-2: Strikes out looking
Batting: LHB Sean Geisler 0-0: Ball
1-0: Foul Ball, location: 2F
1-1: Fielders Choice at 2nd, 6-4 (Groundball, 56, EV 79.4 MPH)
Josh Ferguson to third
Batting: SHB Hans Mikkelsen 0-0: Ball
1-0: Called Strike
1-1: Called Strike
1-2: Ball
Sean Geisler steals 2nd base (no throw)
2-2: Ground out 5-3 (Groundball, 56S, EV 84.4 MPH)
Top of the 4th over - 0 runs, 1 hit, 0 errors, 2 left on base; Texas 1 - Houston 0
BOTTOM OF THE 4TH
Houston Astros batting - Pitching for Texas Rangers : RHP Franz Holzknecht
Batting: LHB Jack Christie 0-0: Called Strike
0-1: Ball
1-1: Ground out U3 (Groundball, 3, EV 101.9 MPH)
Batting: LHB Mark Dearth 0-0: SINGLE (Groundball, 34D, EV 97.5 MPH)
Batting: RHB Jeremy Trump 0-0: Swinging Strike
0-1: Foul Ball, location: 2F
0-2: Strikes out swinging
Batting: LHB Bryce Hill 0-0: Called Strike
0-1: Foul Ball, location: 2F
0-2: Ball
1-2: Ground out U3 (Groundball, 3L, EV 79.4 MPH)
Bottom of the 4th over - 0 runs, 1 hit, 0 errors, 1 left on base; Texas 1 - Houston 0
TOP OF THE 5TH
Texas Rangers batting - Pitching for Houston Astros : LHP Mat Pear
Batting: SHB Vince Ealy 0-0: Called Strike
0-1: Fly out, F8 (Flyball, 8LD, EV 80.6 MPH)
Batting: SHB Tony Prado 0-0: Called Strike
0-1: Ball
1-1: Called Strike
1-2: Foul Ball, location: 2F
1-2: Ground out 6-3 (Groundball, 56, EV 106.9 MPH)
Batting: RHB Marc Peckermark 0-0: Called Strike
0-1: Swinging Strike
0-2: Ball
1-2: Strikes out swinging
Top of the 5th over - 0 runs, 0 hits, 0 errors, 0 left on base; Texas 1 - Houston 0
BOTTOM OF THE 5TH
Houston Astros batting - Pitching for Texas Rangers : RHP Franz Holzknecht
Batting: RHB Eric Chotkowski 0-0: Ball
1-0: Ball
2-0: Fly out, F9 (Line Drive, 9LM, EV 85.6 MPH)
Batting: RHB Mark Marks 0-0: Called Strike
0-1: Ball
1-1: Foul Ball, location: 2F
1-2: Fly out, F1 (Line Drive, P, EV 76.2 MPH)
Batting: LHB Danny Wolver 0-0: Ball
1-0: Called Strike
1-1: Foul Ball, location: 2F
1-2: Ball
2-2: Fly out, F9 (Line Drive, 9D, EV 96.9 MPH)
Bottom of the 5th over - 0 runs, 0 hits, 0 errors, 0 left on base; Texas 1 - Houston 0
TOP OF THE 6TH
Texas Rangers batting - Pitching for Houston Astros : LHP Mat Pear
Batting: RHB Imbart Faber 0-0: Ball
1-0: Ball
2-0: Swinging Strike
2-1: Ball
3-1: Fly out, F3 (Popup, 3SF, EV 71.9 MPH)
Batting: RHB Josh Ferguson 0-0: Ball
1-0: Ball
2-0: Called Strike
2-1: Called Strike
2-2: Ground out 5-3 (Groundball, 56S, EV 86.9 MPH)
Batting: RHB Blake Ballard 0-0: Fly out, F8 (Flyball, 8LD, EV 95.6 MPH)
Top of the 6th over - 0 runs, 0 hits, 0 errors, 0 left on base; Texas 1 - Houston 0
BOTTOM OF THE 6TH
Houston Astros batting - Pitching for Texas Rangers : RHP Franz Holzknecht
Batting: LHB Josh Corkery 0-0: Ball
1-0: Ball
2-0: SINGLE (Flyball, 5D, EV 91.2 MPH)
Batting: SHB Joe Gardner 0-0: Ball
1-0: Foul Ball, location: 2F
1-1: Grounds into double play, 6-4-3 (Groundball, 6, EV 88.1 MPH)
Batting: LHB Jack Christie 0-0: Ball
1-0: Fly out, F6 (Line Drive, 56D, EV 67.5 MPH)
Bottom of the 6th over - 0 runs, 1 hit, 0 errors, 0 left on base; Texas 1 - Houston 0
TOP OF THE 7TH
Texas Rangers batting - Pitching for Houston Astros : LHP Mat Pear
Batting: SHB Rich Chavez 0-0: Ball
1-0: Ground out 6-3 (Groundball, 56, EV 107.5 MPH)
Batting: LHB Sean Geisler 0-0: Fly out, F8 (Line Drive, 8RM, EV 91.2 MPH)
Batting: SHB Hans Mikkelsen 0-0: Foul Ball, location: 2F
0-1: Ball
1-1: Ball
2-1: Ball
3-1: Base on Balls
Batting: SHB Vince Ealy 0-0: Swinging Strike
0-1: SINGLE (Groundball, 34D, EV 93.8 MPH)
Hans Mikkelsen to second
Runner from 2nd tries for 3rd, SAFE, throw by RF made to third
Pitching: RHP Jordan Tejeda
Batting: SHB Tony Prado 0-0: Ball
1-0: Foul Ball, location: 2F
1-1: Foul Ball, location: 2F
1-2: SINGLE (Groundball, 4MD, EV 96.9 MPH)
Hans Mikkelsen scores
Vince Ealy to second
Runner from 2nd tries for 3rd, OUT! 8-5
Top of the 7th over - 1 run, 2 hits, 0 errors, 1 left on base; Texas 2 - Houston 0
BOTTOM OF THE 7TH
Houston Astros batting - Pitching for Texas Rangers : RHP Franz Holzknecht
Batting: LHB Mark Dearth 0-0: Fly out, F8 (Flyball, 8LD, EV 82.5 MPH)
Batting: RHB Jeremy Trump 0-0: Ball
1-0: Swinging Strike
1-1: Ball
2-1: Ground out 6-3 (Groundball, 6, EV 85.6 MPH)
Batting: LHB Bryce Hill 0-0: Called Strike
0-1: Foul Ball, location: 2F
0-2: Strikes out looking
Bottom of the 7th over - 0 runs, 0 hits, 0 errors, 0 left on base; Texas 2 - Houston 0
TOP OF THE 8TH
Texas Rangers batting - Pitching for Houston Astros : RHP Jordan Tejeda
Batting: RHB Marc Peckermark 0-0: Ball
1-0: Swinging Strike
1-1: Foul Ball, location: 2F
1-2: Ball
2-2: Foul Ball, location: 2F
2-2: Strikes out swinging
Batting: RHB Imbart Faber 0-0: Swinging Strike
0-1: Swinging Strike
0-2: Foul Ball, location: 2F
0-2: Strikes out looking
Batting: RHB Josh Ferguson 0-0: Called Strike
0-1: Ball
1-1: Called Strike
1-2: Foul Ball, location: 2F
1-2: Ball
2-2: SOLO HOME RUN (Flyball, 7LD, EV 88.8 MPH), Distance : 339 ft
Batting: RHB Blake Ballard 0-0: Ball
1-0: Ball
2-0: Foul Ball, location: 2F
2-1: SOLO HOME RUN (Flyball, 78XD, EV 103.8 MPH), Distance : 427 ft
Batting: SHB Rich Chavez 0-0: Ball
1-0: Ball
2-0: Ground out 6-3 (Groundball, 56, EV 80.6 MPH)
Top of the 8th over - 2 runs, 2 hits, 0 errors, 0 left on base; Texas 4 - Houston 0
BOTTOM OF THE 8TH
Houston Astros batting - Pitching for Texas Rangers : RHP Franz Holzknecht
Batting: RHB Eric Chotkowski 0-0: Fly out, F8 (Line Drive, 8RD, EV 91.2 MPH)
Batting: RHB Mark Marks 0-0: Called Strike
0-1: Ball
1-1: Called Strike
1-2: Strikes out looking
Batting: LHB Danny Wolver 0-0: Ball
1-0: Ground out 4-3 (Groundball, 34D, EV 100.6 MPH)
Bottom of the 8th over - 0 runs, 0 hits, 0 errors, 0 left on base; Texas 4 - Houston 0
TOP OF THE 9TH
Texas Rangers batting - Pitching for Houston Astros : RHP Jordan Tejeda
Pitching: RHP Scott Spillman
Batting: LHB Sean Geisler 0-0: Ball
1-0: Ball
2-0: Ball
3-0: Called Strike
3-1: Base on Balls
Batting: SHB Hans Mikkelsen 0-0: Called Strike
Sean Geisler steals 2nd base (no throw)
0-1: Ground out 4-3 (Groundball, 4, EV 100.0 MPH)
Sean Geisler to third
Batting: SHB Vince Ealy 0-0: Called Strike
0-1: Fly out, F8 (Flyball, 89M, EV 91.9 MPH)
Batting: SHB Tony Prado 0-0: Foul Ball, location: 2F
0-1: Ground out 5-3 (Groundball, 56, EV 88.1 MPH)
Top of the 9th over - 0 runs, 0 hits, 0 errors, 1 left on base; Texas 4 - Houston 0
BOTTOM OF THE 9TH
Houston Astros batting - Pitching for Texas Rangers : RHP Franz Holzknecht
Batting: LHB Josh Corkery 0-0: Ball
1-0: Swinging Strike
1-1: SINGLE (Flyball, 89S, EV 88.8 MPH)
Pitching: RHP Kyle Curve
Batting: SHB Joe Gardner 0-0: Called Strike
0-1: Ball
1-1: Foul Ball, location: 2F
1-2: Strikes out looking
Batting: LHB Jack Christie 0-0: Called Strike
0-1: Foul Ball, location: 2F
0-2: Fly out, F8 (Flyball, 8RS, EV 83.1 MPH)
Batting: LHB Mark Dearth 0-0: Ball
1-0: Fly out, F9 (Flyball, 9, EV 89.4 MPH)
Bottom of the 9th over - 0 runs, 1 hit, 0 errors, 1 left on base; Texas 4 - Houston 0
Sunday, July 16th , 2023 - OOTP Baseball 24.6 Build 69